 Dungeon Crawl Stone Soup version 0.31-a0-618-g7ca08c1ff9 (webtiles) character file.

Game seed: 1515040819524292627

25 Dittersdorf the Covered (level 3, 0/23 HPs)
             Began as a Gargoyle Fighter on Aug 22, 2023.
             Fell down a flight of stairs (1 damage)
             ... on level 2 of the Dungeon.
             The game lasted 00:00:50 (779 turns).

Dittersdorf the Covered (Gargoyle Fighter)           Turns: 779, Time: 00:00:51

Health: 0/23       AC: 11    Str: 21    XL:     3   Next: 6%
Magic:  3/3        EV:  9    Int:  8    God:
Gold:   18         SH:  0    Dex:  9    Spells: 2/2 levels left

rFire   . . .        a - +0 flail
rCold   . . .        c - +0 buckler
rNeg    + . .        b - +0 scale mail
rPois   ∞            (no helmet)
rElec   +            (no cloak)
rCorr   .            f - +0 pair of gloves
SInv    .            (no boots)
Will    .....        (no amulet) Stlth
                     (no ring)
HPRegen 0.23/turn    (no ring)
MPRegen 0.08/turn

%: no passive effects
@: confused
A: sickness immunity, AC +3, negative energy resistance 1, electricity
resistance, torment resistance 1, petrification resistance
a: no special abilities


You were on level 2 of the Dungeon.
You visited 1 branch of the dungeon, and saw 2 of its levels.

You collected 18 gold pieces.

Inventory:

Hand Weapons
 a - a +0 flail (weapon)
Armour
 b - a +0 scale mail (worn)
 c - a +0 buckler (worn)
 f - a +0 pair of gloves (worn)
Scrolls
 e - a scroll of acquirement {unknown}
 g - a scroll of identify {unknown}
 j - a scroll of immolation {unknown}
 k - a scroll of fog {unknown}
Potions
 d - 2 potions of might
 h - a potion of curing {unknown}
 i - a potion of resistance {unknown}
 l - a potion of invisibility {unknown}


   Skills:
 + Level 3.6 Fighting
 + Level 2.3 Maces & Flails
 + Level 3.6 Armour
 + Level 3.6 Shields


You had 2 spell levels left.
You didn't know any spells.
Your spell library contained the following spells:

 Spells                   Type           Power      Damage    Failure   Level
 Ozocubu's Armour         Ice            0%         N/A       99%         3
 Metabolic Englaciation   Hex/Ice        0%         N/A       100%        5
 Simulacrum               Ice/Necr       0%         N/A       100%        6


Dungeon Overview and Level Annotations

Branches:
Dungeon (2/15)

Altars:

Annotations:
D:2 Sigmund


Innate Abilities, Weirdness & Mutations

You are immune to sickness and miasma.
Your stone body is resilient. (AC +3)
You are immune to poison.
You resist negative energy. (rN+)
You are resistant to electric shocks. (rElec)
You are resistant to unholy torment.
You are immune to petrification.


Message History

No target in view!
No target in view!
No target in view!
No target in view!
No target in view!
No target in view!
No target in view!
No target in view!
No target in view!
Done exploring.
Done exploring.
Done exploring.
What level of the Dungeon? (default 1, ? - help)
There is a stone staircase leading down here.
You climb downwards.
There is a stone staircase leading up here.
Sigmund the Dreaded comes into view.
He is wielding a +0 scythe.
Sigmund is nearby!
Sigmund casts a spell at you.
You are confused.
You are too confused!
Sigmund casts a spell.
Sigmund flickers and vanishes!
Deactivating autopickup; reactivate with Ctrl-A.
Something hits you but does no damage.
There is a stone staircase leading up here.
In your confused state, you trip and fall back down the stairs.
You feel less confused.
You hear some strange, mumbled words.
You are confused.
Something hits you!
In your confused state, you trip and fall back down the stairs.
Something hits you.
In your confused state, you trip and fall back down the stairs.
Something hits you.
* * * LOW HITPOINT WARNING * * *
Something hits you.
* * * LOW HITPOINT WARNING * * *
In your confused state, you trip and fall back down the stairs.
You die...

######...
##@.......
#..####...
#{##
#.......#
##.#.#.##
# #. ##


There were no monsters in sight!

Vanquished Creatures
  A dart slug (D:1)
  A ball python (D:1)
  3 endoplasms (D:1)
  A giant cockroach (D:1)
  2 goblins (D:1)
  3 hobgoblins (D:1)
  A kobold (D:1)
  A quokka (D:1)
  4 bats (D:1)
  2 frilled lizards (D:1)
  3 rats (D:1)
22 creatures vanquished.

Notes
Turn   | Place    | Note
-------+----------+-------------------------------------------
     0 | D:1      | Dittersdorf the Gargoyle Fighter began the quest for the
                  | Orb.
     0 | D:1      | Reached XP level 1. HP: 14/14 MP: 1/1
   156 | D:1      | Reached XP level 2. HP: 19/19 MP: 2/2
   503 | D:1      | Reached XP level 3. HP: 14/23 MP: 3/3
   576 | D:1      | Found a faded altar of an unknown god.
   766 | D:2      | Noticed Sigmund
   778 | D:2      | HP: 1/23 [something (5)]
   779 | D:2      | Fell down a flight of stairs

Illustrated notes

Levels and vault maps discovered:
D:1:      eino_arrival_water_cross, layout_loops_ring, serial_forest,
          infiniplex_forest_end_3, infiniplex_forest_clump_tiny,
          infiniplex_forest_lined_2, infiniplex_forest_lined_1,
          infiniplex_forest_straight_3, hellmonk_ecumenical_altar_leap_of_faith,
          serial_bayou_pond_b
D:2:      layout_rooms, basic_altar, uniq_robin, uniq_sigmund, uniq_jessica,
          uniq_crazy_yiuf_cottage

Action                     || total
---------------------------++-------
  Melee: Flail             ||    58
 Armour: Scale mail        ||    45
  Dodge: Dodged            ||    28
  Block: Buckler           ||    14

Table legend: (Time is in decaauts)
 A = Elapsed time spent in this place.
 B = Non-inter-level travel time spent in this place.
 C = Inter-level travel time spent in this place.
 D = Time resting spent in this place.
 E = Time spent auto-exploring this place.
 F = Levels seen in this place.
 G = Mean time per level.
                   A        B        C        D        E       F      G
               +--------+--------+--------+--------+--------+-----+--------+
         Total |    798 |    767 |     31 |      0 |    603 |   2 |  399.0 |
       Dungeon |    798 |    767 |     31 |      0 |    603 |   2 |  399.0 |
               +--------+--------+--------+--------+--------+-----+--------+

Top non-repeatable levels by time:
     D:1: 784 daAuts
     D:2: 13 daAuts
